 Dungeon Crawl Stone Soup version 0.26.0-9-gab577f9fc5 (webtiles) character file.

Game seed: 3803390276411593225

150 xcuuu the Skirmisher (level 5, -2/47 HPs)
             Began as a Hill Orc Fighter on Jan 13, 2021.
             Slain by a sky beast (5 damage)
             ... on level 3 of the Dungeon.
             The game lasted 00:40:03 (3011 turns).

xcuuu the Skirmisher (Hill Orc Fighter)             Turns: 3011, Time: 00:40:03

Health: -2/47      AC:  3    Str: 20      XL:     5   Next: 32%
Magic:  5/5        EV:  9    Int:  5 (8)  God:
Gold:   135        SH:  9    Dex: 10      Spells: 4/4 levels left

rFire    x . .     SeeInvis .   l - +2 short sword (speed)
rCold    + . .     Faith    .   c - +0 kite shield
rNeg     . . .     Spirit   .   q - +0 leather armour
rPois    .         Reflect  .   (no helmet)
rElec    .         Harm     .   (no cloak)
rCorr    .         Rampage  .   (no gloves)
Will     .....                  (no boots)
Stlth    +.........             (no amulet)
HPRegen  0.15/turn              e - ring of ice
MPRegen  0.09/turn              (no ring)

@: very slow
A: hooves 2, deterioration 1, evolution 1
a: no special abilities


You were on level 3 of the Dungeon.
You visited 1 branch of the dungeon, and saw 3 of its levels.
You also visited: Sewer.

You collected 135 gold pieces.

Inventory:

Hand Weapons
 a - a +0 rapier
 i - a +0 club
 l - a +2 short sword of speed (weapon)
Missiles
 p - 9 poisoned darts (quivered)
Armour
 b - a +0 scale mail
 c - a +0 kite shield (worn)
 f - a +0 robe
 n - a +0 robe
 q - a +0 leather armour (worn)
 t - a +0 pair of gloves
 u - a +0 scale mail
Jewellery
 e - a ring of ice (left hand)
Scrolls
 g - a scroll of enchant weapon {unknown}
 j - a scroll of noise {unknown}
 k - a scroll of amnesia
 m - 2 scrolls of fog
 r - a scroll of remove curse
 s - a scroll of teleportation {unknown}
Potions
 d - 2 potions of might
 o - a potion of lignification


   Skills:
 + Level 4.5 Fighting
 + Level 3.1 Short Blades
 + Level 0.5 Throwing
 + Level 3.9 Armour
 + Level 1.0 Dodging
 + Level 0.2 Stealth
 + Level 4.1 Shields


You had 4 spell levels left.
You didn't know any spells.
Your spell library was empty.

Dungeon Overview and Level Annotations

Branches:
Dungeon (3/15)              Sewer (visited)

Altars:
Cheibriados
Nemelex Xobeh


Innate Abilities, Weirdness & Mutations

You have hoof-like feet.
Your body sometimes deteriorates upon taking damage.
You evolve.


Message History

Something shocks you.
A sky beast appears from thin air!
You block the sky beast's attack.
You are too injured to fight recklessly!
The sky beast hits you. The sky beast shocks you.
* * * LOW HITPOINT WARNING * * *
You feel extremely strange.
You feel healthier.
You feel yourself wasting away.
You feel nature experimenting on you.
Don't worry, failures die fast.
The sky beast barely misses you. The sky beast barely misses you.
The sky beast flickers out of sight!
You block something's attack.
A sky beast appears from thin air!
The sky beast hits you.
* * * LOW HITPOINT WARNING * * *
The sky beast shocks you.
* * * LOW HITPOINT WARNING * * *
The sky beast hits you.
* * * LOW HITPOINT WARNING * * *
The sky beast shocks you.
You die...

###.......#.#.##.#....#.#.#.#
#.......#.#.......).#.#<#.#
#.......#.########.##.###.#
###.......#.............#...#
.................###.####.###
#####.########...# #.####.#
#####.# ##..# #.#....# ......#
##.###.#.#### ####### #@.##.#.#
##Y##.#.# #.##.#)#
###############..#.#.######
#....................(....#
#.##############.#.#.####.#
#.#........##........# #.#
#.#.######)#..#...#.(####.#####
#.#.#...<#...###.........<....#


You could see a sky beast.

Vanquished Creatures
  Terence (D:3)
  A gnoll (D:1)
  An adder (D:3)
  An ufetubus (D:3)
  An ooze (D:2)
  A worm (D:3)
  3 dart slugs
  4 leopard geckos
  An orc (D:3)
  9 bats
  4 giant cockroaches
  5 goblins
  12 hobgoblins
  8 jackals
  2 quokkas (D:3)
  2 ball pythons (D:1)
  5 frilled lizards
  9 kobolds
  11 rats
81 creatures vanquished.

Notes
Turn   | Place    | Note
-------+----------+-------------------------------------------
     0 | D:1      | xcuuu the Hill Orc Fighter began the quest for the Orb.
     0 | D:1      | Reached XP level 1. HP: 19/19 MP: 1/1
   363 | D:1      | Reached XP level 2. HP: 25/27 MP: 2/2
   654 | D:1      | Reached XP level 3. HP: 27/33 MP: 3/3
  1476 | D:2      | Found a snail-covered altar of Cheibriados.
  1752 | D:2      | Gained mutation: Your body sometimes deteriorates upon
                  | taking damage. [potion of mutation]
  1752 | D:2      | Gained mutation: You have large cloven feet. [potion of
                  | mutation]
  1752 | D:2      | Gained mutation: You have hoof-like feet. [potion of
                  | mutation]
  1906 | D:2      | Reached XP level 4. HP: 33/41 MP: 4/4
  1923 | D:2      | Became a worshipper of Cheibriados the Contemplative
  2214 | D:3      | Fell from the grace of Cheibriados
  2296 | D:3      | Noticed Terence
  2310 | D:3      | Killed Terence
  2519 | D:3      | Reached XP level 5. HP: 30/47 MP: 5/5
  2700 | D:3      | Found a glowing drain.
  2706 | D:3      | Reached skill level 1 in Dodging
  2722 | Sewer    | Entered a sewer
  2992 | D:3      | Found a sparkling altar of Nemelex Xobeh.
  2992 | D:3      | Noticed a sky beast
  3004 | D:3      | Lost mutation: Your body sometimes deteriorates upon taking
                  | damage. [potion of mutation]
  3004 | D:3      | Gained mutation: Your body sometimes deteriorates upon
                  | taking damage. [potion of mutation]
  3004 | D:3      | Gained mutation: You evolve. [potion of mutation]
  3011 | D:3      | Slain by a sky beast

Illustrated notes

Levels and vault maps discovered:
D:1:      roderic_chinese_lattice_arrival, layout_basic
D:2:      layout_loops_corners, lemuel_doored_altar, eino_tiny_chamber
D:3:      layout_basic, portal_sewer_entry_f, nemelex_diamond_rough_becter,
          uniq_terence

Skill      XL: |  1  2  3  4  5 |
---------------+----------------+-----
Fighting       | 4 |  4.5
Short Blades   | 3 |  3.1
Shields        | 4 |  4.1
Dodging        | 1 |  1.0
Throwing       | |  0.5
Armour         | |  3.9
Stealth        | |  0.2

Action                   |  1- 3 |  4- 6 || total
-------------------------+-------+-------++-------
Melee: Rapier            |    58 |       ||    58
       Short sword       |    58 |   123 ||   181
       Kick              |       |    25 ||    25
Throw: Dart              |     7 |       ||     7
Invok: Renounce Religion |       |     1 ||     1
  Use: Scroll            |     4 |     4 ||     8
       Potion            |     1 |     2 ||     3
Armor: Scale mail        |    27 |       ||    27
       Leather armour    |     9 |    24 ||    33
Dodge: Dodged            |    29 |    37 ||    66
Block: Kite shield       |    60 |    40 ||   100
